 Dungeon Crawl Stone Soup version 0.18-a0-1764-gf4ddf0b (webtiles) character file.

746 Ratboiler the Conjurer (level 7, -5/45 HPs)
             Began as an Octopode Wanderer on Apr 13, 2016.
             Was an Initiate of Vehumet.
             Shot with an arrow by a centaur (9 damage)
             ... on level 7 of the Dungeon.
             The game lasted 00:20:38 (7487 turns).

Ratboiler the Conjurer (Octopode Wanderer)          Turns: 7487, Time: 00:20:39

Health: -5/45      AC:  1    Str: 10    XL:     7   Next: 77%
Magic:  3/14       EV:  6    Int: 24    God:    Vehumet [......]
Gold:   282        SH:  0    Dex: 10    Spells: 5 memorised, 5 levels left

rFire  + . .     SeeInvis .     b - +8 short sword of Crusades {flame, *Noise Int+5}
rCold  x . .     Gourm    .     (no shield)
rNeg   . . .     Faith    .     (helmet restricted)
rPois  .         Spirit   .     (no amulet)
rElec  .         Dismiss  .     l - ring of fire
rCorr  .         Reflect  .     (no ring)
SustAt .         Harm     .     (no ring)
MR     .....                    (no ring)
Stlth  +++.......               (no ring)
                                (no ring)
                                (no ring)
                                (no ring)

@: very slightly contaminated, repel missiles, not resistant to hostile
enchantments, fairly stealthy
A: almost no armour, amphibious, 8 rings, constrict 8, camouflage 1, gelatinous
body 1
a: Renounce Religion


You were on level 7 of the Dungeon.
You worshipped Vehumet.
Vehumet was noncommittal.
You were not hungry.

You visited 2 branches of the dungeon, and saw 8 of its levels.

You collected 282 gold pieces.

Inventory:

Hand Weapons
 a - a +2 hunting sling of evasion
 b - the +8 short sword of Crusades (weapon) {flame, *Noise Int+5}
   (You found it on level 6 of the Dungeon)

   It has been specially enchanted to burn those struck by it, causing extra
   injury to most foes and up to half again as much damage against particularly
   susceptible opponents.
   It affects your intelligence (+5).
   It may make noises in combat.
 o - a +0 falchion
 w - a +0 war axe of chopping
 G - a +3 dagger of electrocution
Missiles
 k - 196 stones
 m - 7 tomahawks (quivered)
 r - 74 sling bullets
 u - 14 poisoned needles
Magical Staves
 B - an uncursed staff of power {unknown}
Jewellery
 l - a ring of fire (left tentacle)
Wands
 s - a wand of digging (8/24)
 t - a wand of acid (9/15)
 D - a wand of teleportation (2/9)
 E - a wand of enslavement (12/24)
 F - a wand of lightning (3/15)
Scrolls
 e - 2 scrolls of remove curse
 i - 2 scrolls of amnesia
 q - a scroll of magic mapping
 v - a scroll of enchant weapon {unknown}
 y - a scroll of enchant armour {unknown}
Potions
 c - a potion of lignification
 f - a potion of ambrosia
 g - 2 potions of flight
 h - a potion of heal wounds
 n - 2 potions of curing
 p - a potion of magic
 x - a potion of might {unknown}
 z - a potion of degeneration {unknown}
 A - a potion of resistance {unknown}
 C - a potion of haste {unknown}
Books
 j - a book of Minor Magic

   Spells                             Type                      Level
   a - Magic Dart                     Conjuration                  1
   b - Blink                          Translocation                2
   c - Call Imp                       Summoning                    2
   d - Repel Missiles                 Charms/Air                   2
   e - Slow                           Hexes                        2
   f - Conjure Flame                  Conjuration/Fire             3
   g - Mephitic Cloud                 Conjuration/Poison/Air       3
Comestibles
 d - 3 bread rations
 H - 2 meat rations


   Skills:
 - Level 2.0 Fighting
 - Level 1.3 Stealth
   Level 1.0 Shields
 - Level 1.0 Unarmed Combat
 - Level 5.0 Spellcasting
 + Level 6.2 Conjurations
   Level 1.0 Transmutations
 - Level 1.0 Air Magic
 - Level 3.1 Poison Magic


You had 5 spell levels left.
You knew the following spells:

 Your Spells              Type           Power        Failure   Level  Hunger
a - Magic Dart            Conj           ####         1%          1    None
b - Repel Missiles        Chrm/Air       #.....       12%         2    None
c - Call Imp              Summ           #.......     14%         2    None
d - Conjure Flame         Conj/Fire      ####....     10%         3    ##.....
e - Mephitic Cloud        Conj/Pois/Air  ###.....     10%         3    ##.....


Dungeon Overview and Level Annotations

Branches:
Dungeon (7/15)             Temple (1/1) D:5

Altars:
Cheibriados
Dithmenos
Fedhas
Gozag
Nemelex Xobeh
Okawaru
Pakellas
Qazlal
Sif Muna
Trog
Vehumet
Xom
Yredelemnul
The Shining One

Shops:
D:7 :

Annotations:
D:2 Sigmund
D:3 Grinder; skk's ghost, amateur DsFi
D:5 Blork the orc; Menkaure


Innate Abilities, Weirdness & Mutations

You cannot wear most types of armour.
You are amphibious.
You can wear up to eight rings at the same time.
You can use your tentacles to constrict eight enemies at once.
Your skin changes colour to match your surroundings (Stealth).
Your rubbery body absorbs attacks (AC +1).


Message History

You hit Natasha. You burn Natasha.
Natasha is almost dead.
You constrict Natasha.
You kill Natasha!
Vehumet accepts your kill.
You feel Natasha's spirit has finally been put to rest.
The centaur wields a shortbow.
The centaur shoots an arrow.
The arrow hits you!
* * * LOW HITPOINT WARNING * * *
You see here the felid corpse of Natasha.
The centaur shoots an arrow.
The arrow is repelled.
You see here an arrow.
The centaur shoots an arrow.
The arrow misses you.
The centaur shoots an arrow.
The arrow hits you.
* * * LOW HITPOINT WARNING * * *
You see here 2 arrows.
The centaur shoots an arrow.
The arrow is repelled.
You see here an arrow.
There is a stone staircase leading up here.
The centaur shoots an arrow.
The arrow hits you!
You die...

.......#.#.# .
..........##.
####...........
###..........?...
.).....o.........
#.###.#.......#.##.
...................
#.#########.#.F...#..#.
#.....@.....#.#.#.#....
#######(##..........#.#
#(##.....#..c.#..
#.##..........##.
#.##...§#§#...##.
#.##.##.'F'...###
#.##.####§#...# #
#c##.####(#######
#.(.....c.§......


You could see a centaur.

Vanquished Creatures
  An orc warrior (D:6)
  A centaur (D:7)
  A howler monkey (D:6)
  A crimson imp (D:7)
  3 orc priests (D:6)
  A hound (D:6)
  An orc wizard (D:6)
  3 worker ants
  Natasha (thrice) (D:4 D:7)
  A hound zombie (D:6)
  A hound skeleton (D:4)
  3 worker ant zombies
  A gnoll (D:7)
  5 adders
  3 worms (D:2)
  A dart slug (D:1)
  3 giant geckos
  5 orcs
  4 giant cockroaches
  4 hobgoblins
  12 jackals
  A kobold (D:1)
  3 ball pythons
  5 bats
  A giant cockroach zombie (D:6)
  5 giant newts
  6 goblins
  A jackal zombie (D:5)
  3 rats
  A plant (D:5)
84 creatures vanquished.

Vanquished Creatures (collateral kills)
  A giant frog zombie (D:3)
  An orc wizard (D:4)
  Ijyb (D:2)
  Robin (D:2)
  A gnoll (D:2)
  An adder (D:2)
  A giant gecko (D:2)
  2 orcs
  A bat (D:1)
  A giant cockroach (D:2)
  10 goblins (D:2)
  4 hobgoblins (D:1)
  2 jackals (D:2)
  A kobold (D:1)
  A rat (D:1)
29 creatures vanquished.

Grand Total: 113 creatures vanquished

Notes
Turn   | Place    | Note
--------------------------------------------------------------
     0 | D:1      | Ratboiler the Octopode Wanderer began the quest for the Orb.
     0 | D:1      | Ratboiler set off with: a book of Minor Magic, a +0 falchion, a potion of lignification, a bread ration
     0 | D:1      | Reached XP level 1. HP: 14/14 MP: 4/4
     2 | D:1      | Learned a level 1 spell: Magic Dart
   122 | D:1      | Reached skill level 1 in Conjurations
   122 | D:1      | Reached XP level 2. HP: 2/19 MP: 6/6
   397 | D:1      | Learned a level 2 spell: Repel Missiles
   400 | D:1      | Learned a level 2 spell: Call Imp
  1001 | D:1      | Reached XP level 3. HP: 17/24 MP: 1/8
  1942 | D:2      | Reached skill level 2 in Conjurations
  2490 | D:2      | Noticed Robin
  2500 | D:2      | Reached XP level 4. HP: 29/29 MP: 4/9
  2511 | D:2      | Killed Robin
  3015 | D:2      | Found a glowing golden altar of the Shining One.
  3065 | D:2      | Noticed Ijyb
  3087 | D:2      | Killed Ijyb
  3234 | D:2      | Noticed Sigmund
  3355 | D:3      | Found a blossoming altar of Fedhas.
  3361 | D:3      | Found a basalt altar of Yredelemnul.
  3381 | D:3      | Found a stormy altar of Qazlal.
  3386 | D:3      | Learned a level 3 spell: Conjure Flame
  3390 | D:3      | Learned a level 3 spell: Mephitic Cloud
  3486 | D:3      | Reached XP level 5. HP: 34/34 MP: 5/11
  3654 | D:3      | Noticed Grinder
  3659 | D:3      | Noticed skk's ghost (amateur DsFi)
  3907 | D:4      | Found an iron altar of Okawaru.
  4012 | D:4      | Reached skill level 3 in Conjurations
  4013 | D:4      | Noticed Natasha
  4022 | D:4      | Killed Natasha
  4506 | D:4      | Reached skill level 5 in Spellcasting
  4506 | D:4      | Reached XP level 6. HP: 39/39 MP: 9/13
  4537 | D:4      | Noticed Natasha
  4547 | D:4      | Killed Natasha
  4549 | D:4      | Reached skill level 1 in Poison Magic
  5093 | D:5      | Entered Level 5 of the Dungeon
  5093 | D:5      | Found a staircase to the Ecumenical Temple.
  5093 | D:5      | Noticed an ice beast
  5144 | D:5      | Noticed a water moccasin
  5156 | D:5      | Noticed Menkaure
  5282 | Temple   | Entered the Ecumenical Temple
  5391 | Temple   | Became a worshipper of Vehumet
  5729 | D:6      | Reached skill level 4 in Conjurations
  5861 | D:6      | Noticed an orc warrior
  5987 | D:6      | Reached XP level 7. HP: 43/45 MP: 8/14
  6400 | D:5      | Noticed Blork the orc
  6719 | D:6      | Reached skill level 5 in Conjurations
  7100 | D:6      | Got a warped short sword
  7101 | D:6      | Identified the +8 short sword of Crusades {flame, *Noise Int+5} (You found it on level 6 of the Dungeon)
  7139 | D:7      | Found Zopunwu's Book Shoppe.
  7152 | D:7      | Noticed Natasha
  7468 | D:7      | Reached skill level 6 in Conjurations
  7473 | D:7      | Killed Natasha
  7487 | D:7      | Shot with an arrow by a centaur

Vault maps used:
D:1:      dpeg_arrival_rhombus
D:2:      kennysheep_the_goblin_king, minmay_misc_feat_more_columns, tso_altar,
          uniq_sigmund, uniq_robin
D:3:      nicolae_qazlal_general_emergency, fedhas_altar_2,
          nicolae_overflow_hidden_temple, uniq_grinder
D:4:      nicolae_overflow_crystal_walls, uniq_natasha
D:5:      minmay_temple_entry_overgrown, first_bread, sigmund_army,
          uniq_menkaure, uniq_blork_the_orc
D:6:      minivault_1
D:7:      serial_shops, kennysheep_mini, uniq_crazy_yiuf_cottage
Temple:   hc_temple_tempest_star

Skill      XL: |  1  2  3  4  5  6  7 |
---------------+----------------------+-----
Conjurations   | 1 2 3 4 6 |  6.2
Spellcasting   | 4 5 |  5.0
Poison Magic   | 3 |  3.1
Fighting       | |  2.0
Stealth        | |  1.3
Shields        | |  1.0
Unarmed Combat | |  1.0
Transmutations | |  1.0
Air Magic      | |  1.0

Action                   |  1- 3 |  4- 6 |  7- 9 || total
-------------------------+-------+-------+-------++-------
Melee: Falchion          |    47 |       |       ||    47
       Constrict         |    20 |    20 |     9 ||    49
       Tentacles         |     6 |    10 |     3 ||    19
       War axe           |    21 |    51 |       ||    72
       Dagger            |       |    27 |    14 ||    41
       Short sword       |       |       |    15 ||    15
 Fire: Hunting sling     |     3 |       |       ||     3
 Cast: Magic Dart        |    14 |     6 |     2 ||    22
       Call Imp          |    23 |    23 |     2 ||    48
       Repel Missiles    |     1 |       |       ||     1
       Mephitic Cloud    |       |    10 |     9 ||    19
       Conjure Flame     |       |     3 |     9 ||    12
Evoke: Club              |       |       |     2 ||     2
  Use: Scroll            |       |     8 |     2 ||    10
       Potion            |       |     1 |       ||     1
 Stab: Sleeping          |     4 |     5 |     2 ||    11
       Confused          |       |     1 |       ||     1
  Eat: Chunk             |     6 |     4 |     2 ||    12
       Beef jerky        |       |     2 |     1 ||     3
       Pizza             |       |     2 |       ||     2
       Bread ration      |       |     1 |       ||     1
Armor: Skin              |    20 |     9 |     3 ||    32
Dodge: Dodged            |    62 |    54 |    20 ||   136
       Deflected         |       |       |     2 ||     2
